 Dungeon Crawl Stone Soup version 0.25-a0-578-gc91f01c39c (webtiles) character file.

Game seed: 2193977825663347925, levelgen mode: deterministic

54574 tilp the Stormcaller (level 14, -14/88 HPs)
             Began as a Tengu Air Elementalist on Mar 2, 2020.
             Was an Elder of Sif Muna.
             Killed from afar by Jorgrun (54 damage)
             ... with an iron shot
             ... on level 1 of the Orcish Mines on Mar 3, 2020.
             The game lasted 01:00:41 (25472 turns).

tilp the Stormcaller (Tengu Air Elementalist)      Turns: 25472, Time: 01:00:42

Health: -14/88     AC: 17    Str: 14    XL:     14   Next: 73%
Magic:  29/29      EV: 22    Int: 22    God:    Sif Muna [****..]
Gold:   1086       SH:  5    Dex: 15    Spells: 4/33 levels left

rFire    . . .     SeeInvis +   a - staff of air
rCold    . . .     Gourm    .   W - +0 buckler
rNeg     . . .     Faith    +   T - +1 leather armour {MR+}
rPois    .         Spirit   .   I - +3 crown of Dyrovepreva {rElec Int+2 SInv}
rElec    +         Reflect  .   r - +2 cloak
rCorr    .         Harm     .   N - +1 pair of gloves
MR       ++...                  (boots unavailable)
Stlth    ++........             B - amulet of faith
HPRegen  0.24/turn              j - +5 ring of protection
MPRegen  0.21/turn              h - +5 ring of strength

@: flying quickly and evasively, quick
A: beak, talons 3, able to fly
a: Stop Flying, Channel Magic, Forget Spell, Divine Exegesis, Renounce Religion


You were on level 1 of the Orcish Mines.
You worshipped Sif Muna.
Sif Muna was greatly pleased with you.
You were not hungry.

You visited 4 branches of the dungeon, and saw 19 of its levels.

You collected 1198 gold pieces.
You spent 112 gold pieces at shops.

Inventory:

Hand Weapons
 b - a +5 vorpal scimitar
Missiles
 n - 38 poisoned darts
 w - 3 curare-tipped darts (quivered)
 J - 3 throwing nets
Armour
 r - a +2 cloak (worn)
 I - the +3 crown of Dyrovepreva (worn) {rElec Int+2 SInv}
   (You found it on level 6 of the Lair of Beasts)

   It affects your intelligence (+2).
   It insulates you from electricity.
   It lets you see invisible.
   If you remove this armour, your AC will decrease by 3 (17 -> 14).
 N - a +1 pair of gloves (worn)
 T - a +1 leather armour of magic resistance (worn)
 W - a +0 buckler (worn)
Magical Staves
 a - an uncursed staff of air (weapon)
Jewellery
 h - a +5 ring of strength (right hand)
 j - a +5 ring of protection (left hand)
 B - an amulet of faith (around neck)
 E - an uncursed ring of see invisible
 V - a +4 amulet of reflection
Wands
 f - a wand of iceblast (11)
 A - a wand of digging (5)
 D - a wand of polymorph (3)
 G - a wand of acid (10)
 K - a wand of clouds (8)
 P - a wand of disintegration (13)
 U - a wand of paralysis (40)
Scrolls
 d - 3 scrolls of teleportation
 i - 6 scrolls of remove curse
 l - 3 scrolls of magic mapping
 m - 3 scrolls of fog
 o - 2 scrolls of amnesia
 p - 4 scrolls of enchant weapon
 s - a scroll of blinking
 z - 3 scrolls of identify
 F - 4 scrolls of fear
 O - a scroll of holy word
 R - a scroll of immolation
Potions
 e - a potion of cancellation
 k - 10 potions of curing
 q - 6 potions of brilliance
 t - 8 potions of heal wounds
 u - 4 potions of haste
 v - 3 potions of stabbing
 x - 4 potions of might
 C - a potion of lignification
 H - 3 potions of mutation
 L - a potion of resistance
 M - 2 potions of magic
 Q - a potion of berserk rage
Miscellaneous
 X - a lightning rod (4/4)
 Y - a sack of spiders
 Z - a tin of tremorstones
Comestibles
 c - 28 rations


   Skills:
 - Level 10.0 Fighting
 + Level 11.7 Staves
 - Level 10.0 Dodging
 - Level 4.2 Stealth
 - Level 4.0 Shields
 - Level 10.1 Spellcasting
 - Level 6.1 Conjurations
 - Level 15.0 Air Magic
 - Level 6.0 Invocations
 - Level 4.2 Evocations


You had 4 spell levels left.
You knew the following spells:

 Your Spells              Type           Power        Failure   Level  Hunger
a - Shock                 Conj/Air       ####         1%          1    None
b - Swiftness             Chrm/Air       ######..     1%          2    None
c - Static Discharge      Conj/Air       ######..     1%          3    None
d - Airstrike             Air            #######...   1%          4    ##.....
e - Lightning Bolt        Conj/Air       ######....   2%          5    ####...
f - Passwall              Tmut/Erth      ##......     12%         2    None
g - Apportation           Tloc           ##....       8%          1    None
h - Silence               Hex/Air        ######....   10%         5    ####...
i - Conjure Ball Lightni  Conj/Air       ######....   16%         6    ######.

Your spell library contained the following spells:

 Spells                   Type           Power        Failure   Level  Hunger
 Poisonous Vapours        Pois/Air       ######       1%          2    None
 Searing Ray              Conj           #####.       1%          2    None
 Dazzling Flash           Conj/Hex       ###...       6%          3    None
 Animate Skeleton         Necr           N/A          8%          1    None
 Corona                   Hex            ##.....      8%          1    None
 Sting                    Tmut/Pois      ##..         8%          1    None
 Summon Small Mammal      Summ           ##..         8%          1    None
 Ensorcelled Hibernation  Hex/Ice        ##....       12%         2    None
 Slow                     Hex            ##......     12%         2    None
 Confusing Touch          Hex            ##......     22%         3    None
 Inner Flame              Hex/Fire       ##......     22%         3    None
 Portal Projectile        Hex/Tloc       ##....       22%         3    None
 Spider Form              Tmut/Pois      ##........   22%         3    None
 Teleport Other           Tloc           ##......     22%         3    None
 Tukima's Dance           Hex            ##......     22%         3    None
 Iskenderun's Mystic Bla  Conj/Tloc      ###.....     22%         4    ##.....
 Cause Fear               Hex            ##........   58%         4    ##.....
 Leda's Liquefaction      Hex/Erth       ##........   58%         4    ##.....
 Irradiate                Conj/Tmut      ###.......   52%         5    ####...
 Bolt of Magma            Conj/Fire/Erth ###.......   67%         5    ####...
 Borgnjor's Vile Clutch   Necr/Erth      ##........   91%         5    ####...
 Metabolic Englaciation   Hex/Ice        ##........   91%         5    ####...
 Yara's Violent Unravell  Hex/Tmut       ##........   91%         5    ####...
 Iron Shot                Conj/Erth      ###.......   97%         6    ######.
 Orb of Destruction       Conj           #####.....   99%         7    #######
 Darkness                 Hex            ##........   100%        6    ######.
 Eringya's Noxious Bog    Tmut/Pois      ##........   100%        6    ######.
 Hydra Form               Tmut           ##........   100%        6    ######.
 Shadow Creatures         Summ           N/A          100%        6    ######.
 Statue Form              Tmut/Erth      ##.......    100%        6    ######.
 Controlled Blink         Tloc           N/A          100%        8    #######
 Shatter                  Erth           ##........   100%        9    #######


Dungeon Overview and Level Annotations

Branches:
Dungeon (11/15)            Temple (1/1) D:4            Lair (6/6) D:11
 Shoals (0/4) Lair:2       Spider (0/4) Lair:4        Slime (0/5) Lair:6
    Orc (1/2) D:11

Altars:
Ashenzari
Cheibriados
Dithmenos
Elyvilon
Fedhas
Gozag
Hepliaklqana
Kikubaaqudgha
Makhleb
Nemelex Xobeh
Okawaru
Qazlal
Ru
Sif Muna
Trog
Uskayaw
Vehumet
Wu Jian
Xom
Yredelemnul
Zin
The Shining One
Beogh
Jiyva

Shops:
D:9 !

Annotations:
D:7 1 runed translucent door, Crazy Yiuf
D:9 Erolcha, Joseph
Orc:1 Jorgrun


Innate Abilities, Weirdness & Mutations

You have a beak for a mouth.
You have claws for feet.
You can fly continuously.


Message History

There is an open door here.
There is a staircase to the Orcish Mines here.
You fly downwards.
Welcome to the Orcish Mines! 3 orcs and Jorgrun come into view.
Jorgrun is wielding a +0 vorpal quarterstaff and wearing a +2 robe of magic resistance.
There is a staircase back to the Dungeon here.
Jorgrun shouts!
The orc shouts!
You hear a shout!
The orc shouts!
You barely miss Jorgrun. You peck Jorgrun, but do no damage.
You hear a shout!
An orc comes into view.
An orc warrior comes into view. It is wielding a +0 glaive.
Jorgrun gestures at you while chanting. The iron shot hits you!!!
Ouch! That really hurt!
* * * LOW HITPOINT WARNING * * *
There is a staircase back to the Dungeon here.
Jorgrun casts a spell at you. The iron shot hits you!!!
Ouch! That really hurt!
You die...

.#.# .# ....#
... .....
###... .....##
#...... .......
.......
.......#.......
...............
#.....@.......
#.....g..#####
##.......#
#.......#
#oo.o......
#...o........
.o....##.......
....## .......
.... #......


You could see Jorgrun, an orc warrior and 4 orcs.

Vanquished Creatures
  Rupert (Lair:6)
  Nessos (Lair:4)
  A dire elephant (Lair:6)
  Josephine (Lair:4)
  Harold (D:11)
  6 hydras
  2 centaur warriors
  3 death yaks (Lair:6)
  5 two-headed ogres
  Urug (Lair:6)
  A deep troll shaman (Lair:6)
  Pikel (D:5)
  2 lindwurms (Lair:6)
  A manticore (Lair:2)
  A cyclops (D:11)
  2 ugly things (D:11)
  A centaur zombie (D:11)
  4 elephants (Lair:6)
  3 torpor snails
  6 black mambas
  Maggie (D:9)
  11 spiny frogs
  15 komodo dragons
  2 rime drakes
  2 trolls (D:11)
  A polar bear (Lair:4)
  A jumping spider (Lair:4)
  A hornet (D:9)
  12 blink frogs
  9 hippogriffs
  A dream sheep (Lair:4)
  A shadow (D:11)
  5 wraiths
  25 yaks
  A wyvern (Lair:4)
  A basilisk (D:11)
  Menkaure (D:5)
  Edmund (D:5)
  3 swamp worms (Lair:1)
  10 water moccasins
  The ghost of Ratty the Magician, an amateur DENe (D:3)
  6 black bears
  4 ice beasts
  9 porcupines
  2 sky beasts
  3 slaves
  9 orc warriors
  A phantom (D:9)
  6 ogres
  10 wolves
  4 centaurs
  12 crocodiles
  14 bullfrogs
  2 wyvern zombies
  3 scorpions
  17 killer bees
  4 wights (D:5)
  An electric eel (Lair:5)
  9 howler monkeys
  2 crimson imps
  A bullfrog zombie (D:11)
  18 orc priests
  2 centaur skeletons
  3 jellies
  3 hounds
  A gnoll shaman (D:7)
  3 bullfrog skeletons
  6 iguanas
  14 orc wizards
  10 hell rats
  9 worker ants
  A killer bee zombie (D:7)
  A hound skeleton (D:7)
  A hound zombie (D:9)
  A howler monkey zombie (D:3)
  A worker ant zombie (D:9)
  3 gnolls (D:7)
  A howler monkey skeleton (D:11)
  11 adders
  A shadow imp (D:11)
  3 oozes
  An adder skeleton (D:9)
  An adder zombie (D:8)
  7 worms
  13 leopard geckos
  52 orcs
  A ball python (D:6)
  6 bats
  4 giant cockroaches
  4 hobgoblins
  18 jackals
  6 quokkas
  10 frilled lizards
  A giant cockroach zombie (D:5)
  9 goblins
  2 jackal skeletons
  4 kobolds
  A leopard gecko zombie (D:3)
  A quokka skeleton (D:6)
  2 rats (D:2)
  A plant (D:11)
505 creatures vanquished.

Vanquished Creatures (collateral kills)
  A catoblepas (Lair:6)
  A death yak (Lair:6)
2 creatures vanquished.

Vanquished Creatures (others)
  An iguana (D:5)
  A worker ant (D:5)
  12 fungi
  17 plants
31 creatures vanquished.

Grand Total: 538 creatures vanquished

Notes
Turn   | Place    | Note
-------+----------+-------------------------------------------
     0 | D:1      | tilp the Tengu Air Elementalist began the quest for the
                  | Orb.
     0 | D:1      | Reached XP level 1. HP: 10/10 MP: 4/4
   216 | D:1      | Reached XP level 2. HP: 15/15 MP: 0/6
   538 | D:1      | Found a sparkling altar of Nemelex Xobeh.
   834 | D:2      | Reached XP level 3. HP: 19/19 MP: 3/7
  1196 | D:2      | Reached XP level 4. HP: 24/24 MP: 3/8
  1882 | D:3      | Noticed a phantom
  1886 | D:3      | Upgraded the game from 0.25-a0-577-ga4619f409e to
                  | 0.25-a0-578-gc91f01c39c
  1959 | D:3      | Learned a level 2 spell: Swiftness
  1963 | D:3      | Learned a level 3 spell: Static Discharge
  2103 | D:3      | Reached skill level 5 in Conjurations
  2103 | D:3      | Reached skill level 5 in Air Magic
  2165 | D:3      | Found a runed translucent gate.
  2166 | D:3      | Found a runed translucent gate.
  2166 | D:3      | Found a runed translucent gate.
  2167 | D:3      | Noticed Ratty's ghost (amateur DENe)
  2567 | D:3      | Found a stormy altar of Qazlal.
  2752 | D:4      | Noticed an ogre
  2837 | D:4      | Gained mutation: You can fly continuously. [Tengu growth]
  2837 | D:4      | Reached XP level 5. HP: 28/28 MP: 4/9
  2900 | D:4      | Killed an ogre
  2900 | D:4      | Reached skill level 6 in Air Magic
  2900 | D:4      | Reached XP level 6. HP: 32/32 MP: 1/10
  3291 | D:4      | Found a hide-covered altar of Uskayaw.
  3291 | D:4      | Found a shadowy altar of Dithmenos.
  3341 | D:4      | Found a staircase to the Ecumenical Temple.
  3424 | D:4      | Learned a level 4 spell: Airstrike
  3460 | D:5      | Entered Level 5 of the Dungeon
  3502 | Temple   | Entered the Ecumenical Temple
  3629 | Temple   | Became a worshipper of Sif Muna the Loreminder
  3909 | D:5      | Noticed Menkaure
  4108 | D:5      | Noticed a sky beast
  4155 | D:4      | Killed a sky beast
  4155 | D:4      | Reached XP level 7. HP: 13/36 MP: 0/14
  4488 | D:5      | Reached skill level 1 in Fighting
  4602 | D:5      | Noticed Pikel
  5345 | D:5      | Killed Pikel
  5345 | D:5      | Reached skill level 5 in Dodging
  5345 | D:5      | Reached XP level 8. HP: 21/48 MP: 0/15
  5688 | D:5      | Found a snail-covered altar of Cheibriados.
  6085 | D:5      | Reached skill level 1 in Invocations
  6226 | D:5      | Found an ancient bone altar of Kikubaaqudgha.
  6304 | D:5      | Reached * piety under Sif Muna
  6658 | D:5      | Noticed Edmund
  6733 | D:5      | Killed Edmund
  6733 | D:5      | Reached XP level 9. HP: 26/52 MP: 1/16
  7074 | D:5      | Killed Menkaure
  7898 | D:7      | Reached skill level 5 in Invocations
  8592 | D:7      | Reached ** piety under Sif Muna
  8918 | D:7      | Found a runed translucent door.
  8919 | D:7      | Noticed Crazy Yiuf
  8984 | D:7      | Reached skill level 5 in Spellcasting
  9062 | D:7      | Reached skill level 7 in Air Magic
  9586 | D:8      | Reached XP level 10. HP: 56/56 MP: 5/19
  9799 | D:8      | Reached skill level 8 in Air Magic
 10158 | D:8      | Reached skill level 9 in Air Magic
 10366 | D:3      | Killed Ratty's ghost
 10789 | D:9      | Noticed Maggie
 10798 | D:9      | Killed Maggie
 10798 | D:9      | Reached skill level 10 in Air Magic
 10844 | D:9      | Reached *** piety under Sif Muna
 10929 | D:9      | Found a shattered altar of Ashenzari.
 11053 | D:9      | Reached skill level 1 in Evocations
 11150 | D:9      | Noticed a centaur warrior
 11166 | D:9      | Killed a centaur warrior
 11309 | D:9      | Reached skill level 5 in Fighting
 11555 | D:9      | Noticed Joseph
 11655 | D:9      | Found Homunud's Distillery.
 11658 | D:9      | Bought a potion of mutation for 112 gold pieces
 11959 | D:9      | Noticed Erolcha
 12358 | D:10     | Entered Level 10 of the Dungeon
 12367 | D:10     | Noticed a two-headed ogre
 12371 | D:10     | Killed a two-headed ogre
 12371 | D:10     | Reached XP level 11. HP: 64/64 MP: 4/21
 12459 | D:10     | Learned a level 5 spell: Lightning Bolt
 12580 | D:10     | Noticed a two-headed ogre
 12582 | D:10     | Noticed a two-headed ogre
 12639 | D:10     | Killed a two-headed ogre
 12952 | D:10     | Reached **** piety under Sif Muna
 12991 | D:10     | Noticed a centaur warrior
 13003 | D:10     | Killed a centaur warrior
 13127 | D:10     | Killed a two-headed ogre
 13127 | D:10     | Reached skill level 11 in Air Magic
 13398 | D:11     | Noticed Harold
 13759 | D:11     | Reached skill level 12 in Air Magic
 13924 | D:11     | Reached ***** piety under Sif Muna
 13927 | D:11     | Identified Qintass's Grimoire of Mutagenic Displacement
                  | (Sif Muna gifted it to you on level 11 of the Dungeon)
 13927 | D:11     | Received a gift from Sif Muna
 14130 | D:11     | Killed Harold
 14344 | D:11     | Found a staircase to the Lair.
 14344 | D:11     | Noticed a two-headed ogre
 14349 | D:11     | Killed a two-headed ogre
 14349 | D:11     | Reached XP level 12. HP: 76/76 MP: 5/22
 14542 | D:11     | Noticed a two-headed ogre
 14546 | D:11     | Killed a two-headed ogre
 14687 | D:11     | Reached skill level 10 in Dodging
 14999 | D:11     | Reached skill level 10 in Fighting
 15004 | D:11     | Learned a level 2 spell: Passwall
 15245 | D:11     | Found a roughly hewn altar of Beogh.
 15251 | D:11     | Found a staircase to the Orcish Mines.
 15765 | D:11     | Identified a scroll of acquirement
 15805 | Lair:1   | Entered Level 1 of the Lair of Beasts
 16013 | Lair:1   | Noticed a four-headed hydra
 16017 | Lair:1   | Killed a four-headed hydra
 16158 | Lair:1   | Reached skill level 13 in Air Magic
 17386 | Lair:2   | Found a staircase to the Shoals.
 17733 | Lair:2   | Reached XP level 13. HP: 71/82 MP: 20/26
 18171 | Lair:3   | Reached skill level 14 in Air Magic
 18192 | Lair:3   | Identified Sif Muna's Disquisition on Vitriolic Execration
                  | (Sif Muna gifted it to you on level 3 of the Lair of
                  | Beasts)
 18192 | Lair:3   | Received a gift from Sif Muna
 19535 | Lair:4   | Noticed Josephine
 19540 | Lair:4   | Killed Josephine
 19857 | Lair:4   | Reached skill level 15 in Air Magic
 20225 | Lair:4   | Found a hole to the Spider Nest.
 20641 | Lair:4   | Noticed Nessos
 20659 | Lair:4   | Killed Nessos
 20659 | Lair:4   | Reached skill level 10 in Spellcasting
 20745 | Lair:4   | Reached skill level 1 in Staves
 20888 | Lair:4   | Got a crude morningstar
 20889 | Lair:4   | Identified the +7 morningstar of Winn {venom, *Rage rElec
                  | Str-4 SInv} (You found it on level 4 of the Lair of Beasts)
 20989 | Lair:5   | Reached skill level 1 in Shields
 21003 | Lair:5   | Learned a level 1 spell: Apportation
 21752 | Lair:5   | Identified Sif Muna's Volume of Arcane Weapons (Sif Muna
                  | gifted it to you on level 5 of the Lair of Beasts)
 21752 | Lair:5   | Received a gift from Sif Muna
 21765 | Lair:5   | Reached skill level 5 in Staves
 22261 | Lair:5   | Learned a level 5 spell: Silence
 22268 | Lair:5   | Learned a level 6 spell: Conjure Ball Lightning
 22273 | Lair:6   | Entered Level 6 of the Lair of Beasts
 22292 | Lair:6   | Reached XP level 14. HP: 76/88 MP: 12/29
 22481 | Lair:6   | Noticed Rupert
 23106 | Lair:6   | Killed Rupert
 23237 | Lair:6   | Found a runed translucent door.
 23237 | Lair:6   | Found a viscous altar of Jiyva.
 23237 | Lair:6   | Noticed Urug
 23881 | Lair:6   | Reached skill level 10 in Staves
 24132 | Lair:6   | Killed Urug
 24311 | Lair:6   | Found a staircase to the Slime Pits.
 25050 | Lair:6   | Noticed a dire elephant
 25131 | Lair:6   | Found the +3 crown of Dyrovepreva {rElec Int+2 SInv}
 25152 | Lair:6   | Killed a dire elephant
 25468 | Orc:1    | Entered Level 1 of the Orcish Mines
 25468 | Orc:1    | Noticed Jorgrun
 25472 | Orc:1    | Killed from afar by Jorgrun

Levels and vault maps discovered:
D:1:      saegor_arrival_simple_e, layout_basic, nemelex_diamond_rough_becter
D:2:      layout_loops_ring, first_ration
D:3:      layout_basic, nicolae_overflow_crystal_walls,
          gammafunk_ghost_necromancy, kennysheep_decorative_pillar
D:4:      layout_basic, gammafunk_temple_overflow_wave,
          minmay_temple_entry_glass
D:5:      layout_loops_ring, cheibrodos_worm_habitat, basic_altar,
          serial_bayou_lagoon_a, mrwooster_statue_mirror, minmay_fountain_box,
          kennysheep_donut, kennysheep_generic_room_12, uniq_edmund,
          uniq_menkaure, uniq_pikel
D:6:      layout_basic
D:7:      layout_rooms, uniq_crazy_yiuf_cottage
D:8:      minmay_inner_zag, layout_basic
D:9:      layout_loops_ring, nicolae_ashenzari_panopticon, serial_shops,
          nicolae_shop_behind_doors, uniq_erolcha, uniq_maggie, uniq_joseph
D:10:     layout_rooms, grunt_ogre_cave
D:11:     layout_grid_maze, minmay_lair_entry_grove, david_orc_5, uniq_harold
Temple:   minmay_crystal_spiral_temple
Lair:1:   layout_regular_city, worms_lemuel, infiniplex_staircase_pool_2
Lair:2:   layout_cave_pods, minmay_shoals_entry_beasts, columned_hall_lemuel
Lair:3:   layout_loops_ring, beast_lair_carwin_6
Lair:4:   layout_regular_city, spider_nest_entry_a, st_stairs_7,
          nzn_random_ring, uniq_josephine, uniq_nessos
Lair:5:   layout_gridlike, fungi_pond_lemuel, beast_lair_carwin_8
Lair:6:   grunt_lair_end_beastmaster, layout_loops_ring, slime_altar_2,
          uniq_rupert, uniq_urug
Orc:1:    layout_diamond_mine, gammafunk_ghost_split, bloody_makhleb,
          uniq_jorgrun

Skill      XL: |  1  2  3  4  5  6  7  8  9 10 11 12 13 14 |
---------------+-------------------------------------------+-----
Conjurations   | 2 4 5 6 |  6.1
Air Magic      | 5 6 7 10 12 13 15 | 15.0
Spellcasting   | 4 5 6 8 10 | 10.1
Fighting       | 4 6 9 10 | 10.0
Dodging        | 5 6 8 9 10 | 10.0
Invocations    | 2 6 |  6.0
Stealth        | 4 |  4.2
Evocations     | 4 |  4.2
Staves         | 6 11 | 11.7
Shields        | 4 |  4.0

Action                   |  1- 3 |  4- 6 |  7- 9 | 10-12 | 13-15 || total
-------------------------+-------+-------+-------+-------+-------++-------
Melee: Short sword       |     7 |     8 |     2 |       |       ||    17
       Kick              |     1 |     2 |    17 |    77 |    74 ||   171
       Peck              |     1 |       |    12 |    57 |    47 ||   117
       Whip              |       |       |    77 |    51 |       ||   128
       Falchion          |       |       |     3 |   171 |       ||   174
       Staff             |       |       |       |    39 |   265 ||   304
Throw: Dart              |     3 |     4 |    12 |     2 |       ||    21
       Stone             |     2 |       |       |       |       ||     2
 Cast: Shock             |    54 |   101 |   167 |   136 |    22 ||   480
       Airstrike         |       |     2 |    40 |   151 |   218 ||   411
       Static Discharge  |       |       |    20 |    41 |    21 ||    82
       Lightning Bolt    |       |       |       |     8 |     9 ||    17
Invok: Channel Magic     |       |       |       |     4 |     8 ||    12
 Abil: Fly               |       |     1 |       |       |       ||     1
Evoke: Wand              |       |       |       |     1 |     1 ||     2
       Tin of tremorston |       |       |       |       |     2 ||     2
       Box of beasts     |       |       |       |       |     1 ||     1
       Sack of spiders   |       |       |       |       |     1 ||     1
  Use: Scroll            |     2 |     6 |     7 |    15 |     6 ||    36
 Stab: Sleeping          |       |       |     1 |     6 |     3 ||    10
       Paralysed         |       |       |       |       |     9 ||     9
  Eat: Chunk             |     2 |    10 |    19 |    39 |    23 ||    93
       Ration            |       |       |     2 |     3 |     5 ||    10
Armor: Robe              |     1 |     4 |    13 |     9 |       ||    27
       Steam dragon scal |       |       |       |    48 |       ||    48
       Leather armour    |       |       |       |    22 |    99 ||   121
Dodge: Dodged            |     7 |    18 |    83 |   340 |   286 ||   734
Block: Buckler           |       |       |       |       |    15 ||    15
       Rpst.: Falchion   |       |       |     1 |    72 |       ||    73

Table legend:
 A = Non-vault XP
 B = Vault XP
 C = Vault XP percentage of total XP
 D = Non-vault monster count
 E = Vault monster count
 F = Vault count percentage of total count
                 A         B        C        D         E       F
            +---------+---------+-------+---------+---------+-------
      Total |   46590 |   31373 |  40.2 |     386 |     117 |  23.3
            +---------+---------+-------+---------+---------+-------
        D:1 |      21 |       0 |   0.0 |      13 |       0 |   0.0
        D:2 |     100 |       0 |   0.0 |      31 |       0 |   0.0
        D:3 |      41 |     208 |  83.5 |      14 |       4 |  22.2
        D:4 |     563 |       0 |   0.0 |      17 |       0 |   0.0
        D:5 |    1062 |    1007 |  48.7 |      28 |       4 |  12.5
        D:6 |     392 |       0 |   0.0 |      12 |       0 |   0.0
        D:7 |    1044 |       0 |   0.0 |      32 |       0 |   0.0
        D:8 |    1406 |      83 |   5.6 |      18 |       6 |  25.0
        D:9 |    2852 |     404 |  12.4 |      25 |       1 |   3.8
       D:10 |    4045 |     866 |  17.6 |      41 |       3 |   6.8
       D:11 |    7384 |    3134 |  29.8 |      52 |      33 |  38.8
     Lair:1 |    4017 |     497 |  11.0 |      14 |       3 |  17.6
     Lair:2 |    2491 |     839 |  25.2 |      12 |       2 |  14.3
     Lair:3 |    1536 |     986 |  39.1 |       7 |       6 |  46.2
     Lair:4 |    2720 |    7808 |  74.2 |      14 |      23 |  62.2
     Lair:5 |    6287 |    3225 |  33.9 |      23 |      10 |  30.3
     Lair:6 |   10629 |   12316 |  53.7 |      33 |      22 |  40.0
            +---------+---------+-------+---------+---------+-------
